Map: Frozen Temple

Players

HeroMarine - Winner!

  • Race: Terran Terran

ShoWTimE

  • Race: Protoss Protoss

Event: 2016 WCS Summer Circuit Championship (DH Montreal)

VOD

https://www.youtube.com/watch?v=xN3F9YKBHDM

Description

Time

  • Played on: Aug. 12, 2016, 1:42 p.m.
  • Length: 11:14

All games in this series

Show
View Real Time Build Order
Export as new Build Order

HeroMarine Terran - Winner!

Build Orders: MMM Bio 

Get SALT Encoding   

  12  0:00  SCV  
  13  0:13  SCV  
  14  0:18  Supply Depot  
  14  0:25  SCV  
  15  0:40  SCV  
  16  0:43  Barracks  
  16  0:45  Refinery  
  16  0:52  SCV  
  17  1:04  SCV  
  18  1:16  SCV  
  19  1:29  Marine  
  19  1:30  Orbital Command  
  20  1:41  Command Center  
  20  1:47  Barracks Reactor  
  20  1:55  Supply Depot  
  20  1:56  SCV  
  21  2:05  Factory  
  21  2:08  SCV  
  22  2:20  SCV  
  23  2:23  Marine x2  
  25  2:32  Refinery, SCV  
  26  2:41  Marine x2  
  28  2:44  SCV  
  28  2:50  Starport  
  29  2:52  Widow Mine  
  29  2:53  Orbital Command  
  29  2:56  SCV  
  32  2:59  Marine x2  
  34  3:07  Barracks  
  34  3:08  SCV  
  35  3:17  Marine x2  
  35  3:18  SCV  
  38  3:21  SCV  
  38  3:25  Widow Mine  
  41  3:27  Medivac  
  41  3:32  Supply Depot  
  43  3:35  SCV x2  
  43  3:38  Marine  
  46  3:49  Supply Depot  
  46  3:54  Barracks Tech Lab, Marine, SCV x2  
  49  3:57  Marine  
  50  4:06  Liberator, SCV x2  
  52  4:11  Bunker  
  52  4:12  Marine  
  52  4:15  Supply Depot  
  53  4:17  Stimpack  
  53  4:18  Engineering Bay, SCV x2  
  58  4:25  Marine  
  58  4:28  Marine  
  58  4:30  Factory Reactor  
  60  4:35  SCV x2  
  62  4:41  Marine  
  62  4:43  Marine  
  64  4:47  SCV x2  
  64  4:48  Marine  
  67  4:54  Terran Infantry Weapons Level 1  
  67  4:58  Missile Turret x2  
  65  5:01  Marine x2  
  65  5:06  Marine  
  66  5:17  Command Center, SCV x2  
  68  5:29  SCV  
  68  5:31  Factory Tech Lab, Refinery  
  68  5:35  Barracks  
  69  5:36  Supply Depot  
  69  5:37  Medivac  
  69  5:39  SCV  
  69  5:41  Marine x2, SCV  
  70  5:45  Marauder  
  68  5:51  Siege Tank  
  68  5:59  Marine x2  
  70  6:06  Marauder  
  70  6:07  Supply Depot  
  70  6:10  Medivac  
  73  6:13  Medivac  
  73  6:15  SCV  
  73  6:17  Marine x2  
  78  6:33  Combat Shields, Marine  
  78  6:34  Barracks  
  78  6:35  Barracks  
  78  6:37  Orbital Command  
  78  6:38  Factory Reactor  
  79  6:40  Marine  
  79  6:41  Marine  
  79  6:43  Marine  
  79  6:45  SCV x2  
  84  6:49  Terran Infantry Armor Level 1  
  84  6:51  Refinery  
  84  6:56  Marauder  
  84  6:59  Supply Depot  
  84  7:00  Orbital Command  
  88  7:01  Marauder  
  88  7:02  Marine x2  
  88  7:04  SCV  
  91  7:14  Supply Depot  
  91  7:16  SCV  
  91  7:18  Marauder  
  91  7:20  Liberator x2  
  93  7:23  SCV  
  93  7:28  SCV x2  
  100  7:32  Barracks Tech Lab  
  100  7:33  Marine x2, Marauder  
  100  7:35  SCV  
  101  7:39  Marauder  
  101  7:40  SCV  
  101  7:43  SCV  
  107  7:46  Marine x2  
  107  7:50  Marauder  
  107  7:51  Marine x2  
  110  7:53  SCV x2  
  110  7:55  Marauder  
  111  8:00  Marine, SCV  
  111  8:02  Supply Depot  
  111  8:04  Marine  
  113  8:05  SCV  
  113  8:06  SCV  
  113  8:11  Supply Depot  
  113  8:12  SCV  
  116  8:13  Supply Depot  
  116  8:18  Supply Depot, SCV  
  117  8:20  Missile Turret, Liberator  
  117  8:28  Liberator  
  117  8:32  Ghost Academy, Marine x6, SCV x3  
  126  8:35  Supply Depot, Marine  
  130  8:44  SCV x3  
  130  8:46  Missile Turret  
  136  8:50  Marine  
  136  8:55  Marine x3  
  142  8:56  Supply Depot, Marine  
  142  8:57  Supply Depot  
  143  9:05  Liberator  
  144  9:10  Missile Turret x2, Liberator, Ghost x2  
  144  9:12  Ghost  
  144  9:16  Marine x2  
  144  9:17  Marine x2  
  156  9:32  SCV  
  156  9:34  Marine x2  
  156  9:35  SCV x2  
  157  9:38  Marine x2  
  157  9:39  Marauder x2  
  157  9:45  Marine  
  158  9:52  Marine  
  160  9:53  Marine  
  160  9:55  Supply Depot, SCV x2  
  160  9:56  Supply Depot, Marine  
  160  9:59  Liberator x2  
  164  10:01  Marauder x2  
  164  10:04  Marauder  
  164  10:05  SCV  
  164  10:07  Marine, Barracks  
  171  10:09  Marine  
  173  10:16  Marine x2  
  173  10:20  Supply Depot  
  181  10:22  Marauder  
  181  10:24  Marauder  
  181  10:25  Barracks  
  181  10:26  Barracks  
  185  10:34  Marauder  
  184  10:46  Marine  
  184  10:47  Marine  
  178  10:51  Marine x2, Marauder  
  178  10:53  Marauder  
Show
View Real Time Build Order
Export as new Build Order

ShoWTimE Protoss 

Build Orders: 1 Gate Expand, Blink Stalkers 

Get SALT Encoding   

  12  0:00  Probe (Chrono Boost)  
  13  0:11  Probe (Chrono Boost)  
  14  0:18  Pylon  
  14  0:22  Probe (Chrono Boost)  
  15  0:36  Probe (Chrono Boost)  
  15  0:37  Gateway  
  15  0:42  Assimilator  
  16  0:47  Probe (Chrono Boost)  
  17  0:57  Probe (Chrono Boost)  
  18  1:08  Probe (Chrono Boost)  
  19  1:20  Nexus  
  19  1:30  Cybernetics Core  
  19  1:34  Probe (Chrono Boost)  
  20  1:41  Assimilator  
  20  1:44  Probe (Chrono Boost)  
  21  1:49  Pylon  
  21  1:55  Probe (Chrono Boost)  
  22  2:07  Adept, Mothership Core (Chrono Boost)  
  26  2:17  Warp Gate  
  26  2:26  Probe (Chrono Boost)  
  27  2:32  Probe (Chrono Boost)  
  27  2:36  Probe (Chrono Boost), Robotics Facility  
  29  2:43  Probe (Chrono Boost)  
  30  2:47  Probe (Chrono Boost)  
  31  2:53  Probe (Chrono Boost)  
  31  2:54  Twilight Council  
  31  2:57  Probe (Chrono Boost)  
  33  3:04  Probe (Chrono Boost)  
  34  3:08  Probe (Chrono Boost)  
  35  3:13  Gateway  
  35  3:15  Probe (Chrono Boost)  
  35  3:17  Gateway  
  37  3:20  Blink  
  37  3:21  Probe (Chrono Boost), Observer  
  37  3:26  Probe (Chrono Boost)  
  39  3:29  Pylon  
  39  3:33  Probe (Chrono Boost)  
  40  3:40  Probe (Chrono Boost)  
  41  3:43  Assimilator  
  41  3:45  Probe (Chrono Boost)  
  41  3:46  Observer  
  42  3:52  Probe (Chrono Boost)  
  45  3:57  Probe (Chrono Boost)  
  46  4:04  Probe (Chrono Boost)  
  46  4:09  Probe (Chrono Boost)  
  47  4:11  Nexus  
  47  4:14  Pylon  
  47  4:24  Stalker x2  
  47  4:25  Stalker  
  47  4:27  Warp Prism  
  53  4:35  Pylon  
  54  4:51  Probe x2 (Chrono Boost), Stalker  
  58  4:57  Stalker  
  60  5:02  Observer, Stalker  
  63  5:13  Probe x2 (Chrono Boost)  
  65  5:16  Pylon  
  65  5:25  Probe (Chrono Boost), Stalker x3  
  72  5:29  Probe (Chrono Boost)  
  72  5:30  Probe (Chrono Boost)  
  73  5:37  Probe (Chrono Boost)  
  73  5:39  Immortal  
  73  5:41  Probe x2 (Chrono Boost)  
  74  5:49  Probe (Chrono Boost), Stalker x2  
  83  5:51  Probe (Chrono Boost)  
  83  5:54  Probe (Chrono Boost)  
  83  5:55  Stalker  
  83  5:56  Resonating Glaives  
  85  6:01  Probe (Chrono Boost)  
  85  6:02  Probe (Chrono Boost)  
  88  6:06  Probe (Chrono Boost)  
  88  6:07  Forge  
  88  6:09  Gateway  
  88  6:15  Gateway  
  88  6:21  Probe x2 (Chrono Boost)  
  88  6:22  Sentry  
  92  6:25  Pylon  
  92  6:26  Observer, Protoss Ground Weapons Level 1  
  92  6:27  Pylon, Gateway  
  92  6:28  Pylon  
  93  6:37  Gateway  
  93  6:38  Gateway  
  93  6:39  Pylon  
  93  6:43  Immortal  
  93  6:48  Adept  
  93  6:49  Adept  
  93  6:52  Probe (Chrono Boost)  
  93  6:53  Probe (Chrono Boost)  
  104  6:55  Probe (Chrono Boost)  
  104  6:58  Assimilator  
  104  7:00  Assimilator  
  104  7:04  Dark Shrine  
  104  7:05  Probe (Chrono Boost), Adept  
  104  7:06  Probe (Chrono Boost), Adept  
  110  7:09  Adept  
  112  7:17  Pylon  
  112  7:22  Pylon  
  110  7:24  Adept x2  
  112  7:34  Forge  
  112  7:41  Adept x6  
  122  7:52  Nexus  
  122  7:54  Pylon  
  122  7:56  Protoss Ground Armor Level 1  
  112  7:58  Immortal  
  114  8:07  Protoss Ground Weapons Level 2, Assimilator  
  114  8:08  Probe x3 (Chrono Boost)  
  117  8:14  Adept x4  
  117  8:15  Adept x3  
  131  8:20  Dark Templar  
  133  8:39  Pylon  
  133  8:40  Immortal  
  135  8:54  Probe x2 (Chrono Boost), Pylon  
  137  8:55  Adept x2  
  137  8:56  Adept x4  
  137  8:57  Adept x2  
  137  8:58  Assimilator  
  137  9:01  Assimilator  
  153  9:05  Photon Cannon  
  153  9:06  Charge  
  153  9:07  Templar Archives  
  153  9:25  Adept x3  
  153  9:26  Stalker x2  
  153  9:31  Stalker  
  165  9:36  Psionic Storm  
  161  9:38  Adept  
  161  9:39  Adept  
  161  9:53  High Templar x2  
  161  9:58  Pylon  
  165  10:00  Pylon  
  165  10:03  Pylon  
  165  10:06  Sentry x2  
  169  10:08  Pylon  
  169  10:11  Adept x4  
  177  10:16  Pylon  
  177  10:30  Adept x4  
  177  10:33  Stalker x3  
  177  10:34  Stalker  
  171  10:54  Stalker x4  
Tags
 
Add a new tag
Caveats
  • Supply blocks, unpowered buildings, or Contaminate may cause inaccurate times.
  • Supply counts are checked every 10 seconds.